 Dungeon Crawl Stone Soup version 0.25-a0-1119-g28b6fd0c3b (webtiles) character file.

Game seed: 18249316914849052779, levelgen mode: deterministic

28 Maedhros the Sneak (level 3, 0/23 HPs)
             Began as an Octopode Artificer on May 18, 2020.
             Slain by an ooze (1 damage)
             ... on level 2 of the Dungeon.
             The game lasted 00:00:55 (384 turns).

Maedhros the Sneak (Octopode Artificer)              Turns: 384, Time: 00:00:55

Health: 0/23       AC:  1    Str: 11    XL:     3   Next: 12%
Magic:  5/5        EV: 13    Int: 13    God:
Gold:   64         SH:  0    Dex: 13    Spells: 2/2 levels left

rFire    . . .     SeeInvis .   m - +1 short sword (speed)
rCold    . . .     Gourm    .   (no shield)
rNeg     . . .     Faith    .   (helmet restricted)
rPois    .         Spirit   .   (no amulet)
rElec    .         Reflect  .   (no ring)
rCorr    .         Harm     .   (no ring)
MR       .....                  (no ring)
Stlth    +++.......             (no ring)
HPRegen  0.07/turn              (no ring)
MPRegen  0.09/turn              (no ring)
                                (no ring)
                                (no ring)

@: no status effects
A: almost no armour, stealthy swim, amphibious, 8 rings, constrict 8, camouflage
1, gelatinous body 1
a: no special abilities


You were on level 2 of the Dungeon.
You were not hungry.

You visited 1 branch of the dungeon, and saw 2 of its levels.

You collected 64 gold pieces.

Inventory:

Hand Weapons
 m - a +1 short sword of speed (weapon)
Jewellery
 g - an uncursed ring of flight {unknown}
Wands
 b - a wand of flame (14)
 c - a wand of enslavement (15)
 d - a wand of random effects (15)
Scrolls
 e - a scroll of teleportation {unknown}
 h - a scroll of fear {unknown}
 i - 2 scrolls of remove curse {unknown}
 k - a scroll of magic mapping {unknown}
 l - a scroll of noise {unknown}
Potions
 a - a potion of might {unknown}
 j - a potion of haste {unknown}
Comestibles
 f - a ration


   Skills:
 - Level 1.0 Fighting
 - Level 1.0 Short Blades
 - Level 2.0 Dodging
 - Level 4.0 Stealth
 + Level 0.9 Unarmed Combat
 - Level 3.2 Evocations


You had 2 spell levels left.
You didn't know any spells.
Your spell library was empty.

Dungeon Overview and Level Annotations

Branches:
Dungeon (2/15)

Altars:


Innate Abilities, Weirdness & Mutations

You cannot wear most types of armour.
You are very stealthy in the water. (Stealth+)
You are amphibious.
You can wear up to eight rings at the same time.
You can use your tentacles to constrict eight enemies at once.
Your skin changes colour to match your surroundings (Stealth+).
Your rubbery body absorbs attacks. (AC +1, EV +1)


Message History

Your grab misses the ball python. The ball python misses you.
The ball python barely misses you.
You hit the ball python.
You kill the ball python!
You see here a ball python corpse.
Found a red potion.
An ooze comes into view.
The ooze quivers.
The ooze barely misses you.
You see here a red potion.
a - a red potion The ooze hits you.
* * * LOW HITPOINT WARNING * * *
The ooze hits you.
* * * LOW HITPOINT WARNING * * *
You barely miss the ooze. You hit the ooze. Your squeeze misses the ooze.
The ooze is heavily wounded.
The ooze hits you.
You die...

.# .###.# ..#.# #
#.#.# #.##.#.## ...
#...@J..# #.P.P.
##.#....#####.P....
# #....##.. ....# .
#.##...##.##...## .
#......##^#...... P
#####......PP....
#####.#.##.. #...#
##..########


You could see an ooze.

Vanquished Creatures
  An adder (D:2)
  2 leopard geckos (D:2)
  2 goblins (D:1)
  3 kobolds
  A quokka (D:2)
  A ball python (D:2)
  2 bats (D:1)
  3 frilled lizards
  2 rats (D:2)
17 creatures vanquished.

Notes
Turn   | Place    | Note
-------+----------+-------------------------------------------
     0 | D:1      | Maedhros the Octopode Artificer began the quest for the
                  | Orb.
     0 | D:1      | Reached XP level 1. HP: 13/13 MP: 3/3
    85 | D:1      | Reached skill level 2 in Stealth
   117 | D:1      | Reached XP level 2. HP: 12/18 MP: 4/4
   237 | D:2      | Reached skill level 3 in Stealth
   302 | D:2      | Reached skill level 4 in Stealth
   336 | D:2      | Reached XP level 3. HP: 9/23 MP: 5/5
   382 | D:2      | HP: 1/23 [ooze (3)]
   384 | D:2      | Slain by an ooze

Illustrated notes

Levels and vault maps discovered:
D:1:      wheals_arrival_linesprint, layout_rooms, serial_forest,
          infiniplex_forest_lined_2, infiniplex_forest_lined_room_2,
          infiniplex_forest_zigzag_1, infiniplex_forest_clump_cross
D:2:      layout_loops_cross, kiku_gazebo_garden_becter, uniq_crazy_yiuf_cottage

Skill      XL: |  1  2 |
---------------+-------+-----
Stealth        | 2 4 |  4.0
Fighting       | |  1.0
Short Blades   | |  1.0
Dodging        | |  2.0
Unarmed Combat | |  0.9
Evocations     | |  3.2

Action                   || total
-------------------------++-------
Melee: Short sword       ||    27
       Constrict         ||    12
       Tentacles         ||     4
Evoke: Wand              ||     1
 Stab: Sleeping          ||     1
Armor: Skin              ||     3
Dodge: Dodged            ||    23

Table legend:
 A = Non-vault XP
 B = Vault XP
 C = Vault XP percentage of total XP
 D = Non-vault monster count
 E = Vault monster count
 F = Vault count percentage of total count
                 A         B        C        D         E       F
            +---------+---------+-------+---------+---------+-------
      Total |      40 |       0 |   0.0 |      17 |       0 |   0.0
            +---------+---------+-------+---------+---------+-------
        D:1 |      10 |       0 |   0.0 |       6 |       0 |   0.0
        D:2 |      30 |       0 |   0.0 |      11 |       0 |   0.0
            +---------+---------+-------+---------+---------+-------
